 Dungeon Crawl Stone Soup version 0.24-a0-139-geb6712d (webtiles) character file.

Game seed: 16831361349074262373

8992 terrorsythe the Fighter (level 11, -5/86 HPs)
             Began as a Demonspawn Fighter on Mar 2, 2019.
             Was an Elder of Yredelemnul.
             Slain by a hornet (11 damage)
             ... on level 10 of the Dungeon.
             The game lasted 00:54:18 (16264 turns).

terrorsythe the Fighter (Demonspawn Fighter)       Turns: 16264, Time: 00:54:19

Health: -5/86      AC: 24    Str: 18    XL:     11   Next: 17%
Magic:  5/5        EV:  4    Int: 12    God:    Yredelemnul [****..]
Gold:   260        SH: 10    Dex: 10    Spells: 17/18 levels left

rFire    . . .     SeeInvis +   u - +3 spear (antimagic)
rCold    . . .     Gourm    .   c - +0 shield
rNeg     + . .     Faith    .   N - +0 plate armour
rPois    .         Spirit   .   s - +1 helmet
rElec    .         Reflect  .   l - +0 cloak
rCorr    .         Harm     .   (no gloves)
MR       .....                  G - +0 pair of boots
Stlth    ..........             x - amulet of the acrobat
HPRegen  0.24/turn              d - ring of positive energy
MPRegen  0.09/turn              m - ring of see invisible

@: lethally poisoned (-5 -> -15)
A: talons 1, iridescent scales 3, see invisible, clumsy 1, nightstalker 2, wild
magic 2
a: Recall Undead Slaves, Injury Mirror, Animate Dead, Drain Life, Renounce
Religion


You were on level 10 of the Dungeon.
You worshipped Yredelemnul.
Yredelemnul was greatly pleased with you.
You were not hungry.

You visited 3 branches of the dungeon, and saw 12 of its levels.

You collected 505 gold pieces.
You spent 245 gold pieces at shops.

Inventory:

Hand Weapons
 h - a +0 vampiric trident
 j - a +1 whip of electrocution
 u - a +3 antimagic spear (weapon)
 C - a +0 blowgun
 L - the +7 short sword of Scorn {pierce, rElec rF- Dex+4 Stlth+}
   (You found it on level 7 of the Dungeon)

   It inflicts extra damage upon your enemies.
   It affects your dexterity (+4).
   It makes you vulnerable to fire.
   It insulates you from electricity.
   It makes you more stealthy.
Missiles
 a - 4 tomahawks (quivered)
 D - 31 poisoned needles
Armour
 c - a +0 shield (worn)
 l - a +0 cloak (worn)
 s - a +1 helmet (worn)
 G - a +0 pair of boots (worn)
 N - a +0 plate armour (worn)
Jewellery
 d - a ring of positive energy (left hand)
 m - a ring of see invisible (right hand)
 r - an uncursed amulet of harm {unknown}
 v - an uncursed ring of resist corrosion
 x - an amulet of the acrobat (around neck)
 z - a +4 ring of evasion
Wands
 g - a wand of iceblast (4)
 i - a wand of digging (6)
 n - a wand of flame (8)
 w - a wand of acid (4)
Scrolls
 b - a scroll of immolation {unknown}
 k - a scroll of amnesia {unknown}
 q - 5 scrolls of identify
 y - 6 scrolls of remove curse
 A - a scroll of magic mapping
 H - a scroll of noise
 I - 4 scrolls of teleportation
 J - 2 scrolls of enchant armour
 M - a scroll of torment
 O - a scroll of vulnerability {unknown}
Potions
 e - 2 potions of brilliance
 o - 2 potions of haste
 p - 2 potions of invisibility {unknown}
 t - 2 potions of magic
 E - 2 potions of mutation
 F - a potion of resistance {unknown}
 K - a potion of flight {unknown}
Comestibles
 f - 20 rations


   Skills:
 + Level 8.0 Fighting
   Level 3.3(5.3) Axes
 + Level 6.3(6.7) Polearms
 + Level 7.5 Armour
 + Level 7.3 Shields
 + Level 4.1 Spellcasting
 + Level 4.2 Translocations
 + Level 7.5 Invocations


You had 17 spell levels left.
You knew the following spells:

 Your Spells              Type           Power        Failure   Level  Hunger
a - Apportation           Tloc           ###...       99%         1    #......

Your spell library contained the following spells:

 Spells                   Type           Power        Failure   Level  Hunger
 Animate Skeleton         Necr           N/A          100%        1    #......
 Confusing Touch          Hex            #.....       100%        1    #......
 Summon Small Mammal      Summ           #...         100%        1    #......


Dungeon Overview and Level Annotations

Branches:
Dungeon (10/15)            Temple (1/1) D:5            Lair (0/6) D:9
    Orc (1/2) D:9

Altars:
Ashenzari
Dithmenos
Elyvilon
Fedhas
Kikubaaqudgha
Makhleb
Okawaru
Qazlal
Ru
Uskayaw
Wu Jian
Yredelemnul
Beogh

Shops:
D:8 ?

Annotations:
D:3 1 runed translucent door, Crazy Yiuf
D:10 Harold
Orc:1 Josephine


Innate Abilities, Weirdness & Mutations

You have sharp toenails.
You are completely covered in iridescent scales. (AC +6)
You are significantly more attuned to the shadows.
You have supernaturally acute eyesight. (SInv)
You are clumsy. (Dex -2)
Your spells are harder to cast, but more powerful.


Message History

You feel yourself slow down.
You puncture the orc priest!
The orc priest is heavily wounded.
You feel yourself speed up.
* * * LOW HITPOINT WARNING * * *
You feel sick.
The orc priest hits you but does no damage.
The orc warrior hits you but does no damage.
You block the hornet's attack. The orc hits you but does no damage.
Harold hits you but does no damage.
The hornet stings you but does no damage.
You block the orc warrior's attack.
You closely miss the orc priest.
The orc priest is heavily wounded.
The orc priest hits you but does no damage.
The orc hits you but does no damage.
The crimson imp sputters.
You block the orc's attack. The hornet stings you!
You die...
Your body rises from the dead as a mindless zombie.

#....... ..
###....... ..
#......... ..
######.#..(.<.. .#
##...#>..##.######.#
##...........####.(..
#...F.........)...###
#..yo@c5....####..#
#...@oZ.....# ##..#
##.oooo.[...###...#
##...#[...###..#.#
########.##..##.#
#........#
##........#
#..#####..# ##..#
#..# #...# #..#


You could see Harold, a hornet, an orc warrior, a bullfrog, a centaur, 2 orc
priests, a crimson imp, 3 orcs and a worker ant zombie.

Vanquished Creatures
  A centaur warrior (D:10)
  A death knight (D:9)
  2 unseen horrors (D:9)
  A centaur skeleton (D:10)
  A troll (D:9)
  A hippogriff (D:7)
  A spriggan (D:9)
  3 yaks
  Sigmund (D:2)
  3 orc warriors
  2 sky beasts
  2 ice beasts
  3 ogres
  A black bear (D:9)
  A phantom (D:7)
  A wolf (D:9)
  A hornet zombie (D:9)
  A centaur (D:5)
  A crocodile (D:8)
  5 bullfrogs
  2 scorpions
  A crimson imp (D:5)
  A centaur zombie (D:10)
  2 bullfrog zombies
  2 jellies
  10 orc priests
  6 orc wizards
  4 hounds
  A gnoll shaman (D:6)
  4 iguanas
  Ijyb (D:3)
  Terence (D:3)
  7 worker ants
  Robin (D:2)
  A howler monkey zombie (D:9)
  10 adders
  13 gnolls
  3 shadow imps
  An ooze (D:6)
  2 adder skeletons (D:9)
  A worm (D:2)
  A dart slug (D:2)
  6 leopard geckos
  49 orcs
  9 bats
  4 giant cockroaches
  19 goblins
  18 hobgoblins
  2 jackals (D:2)
  5 quokkas
  A ball python (D:3)
  4 frilled lizards
  18 kobolds
  5 rats
  A spectral orc (D:2)
249 creatures vanquished.

Vanquished Creatures (collateral kills)
  An ugly thing (D:9)
  Joseph (D:9)
  11 yaks (D:9)
  A wraith (D:9)
  A vampire mosquito (D:9)
  An ice beast (D:10)
  A sky beast (D:9)
  5 orc warriors
  An ogre (D:9)
  3 wolves (D:9)
  A centaur (D:6)
  2 electric eels (D:9)
  2 crimson imps (D:9)
  An orc priest (D:9)
  A jelly (D:10)
  2 hounds (D:9)
  3 orc wizards
  A howler monkey zombie (D:7)
  A gnoll (D:8)
  2 adders (D:9)
  A shadow imp (D:9)
  An ooze (D:6)
  9 orcs
  A goblin (D:5)
  2 hobgoblins (D:5)
  4 jackals (D:5)
  2 kobolds (D:5)
  A butterfly (D:5)
63 creatures vanquished.

Vanquished Creatures (others)
  A vampire mosquito zombie (D:9)
  A troll zombie (D:9)
  3 yak zombies (D:9)
  A wight (D:10)
  A human zombie (D:9)
  A crocodile zombie (D:8)
  A sky beast zombie (D:8)
  An ogre zombie (D:9)
  2 hound zombies
  A mummy (D:9)
  2 scorpion zombies
  An adder zombie (D:5)
  An iguana zombie (D:9)
  A gnoll zombie (D:8)
  2 kobold zombies (D:5)
  A leopard gecko zombie (D:7)
  2 orc skeletons (D:9)
  25 orc zombies
48 creatures vanquished.

Grand Total: 360 creatures vanquished

Notes
Turn   | Place    | Note
-------+----------+-------------------------------------------
     0 | D:1      | terrorsythe the Demonspawn Fighter began the quest for the
                  | Orb.
     0 | D:1      | Reached XP level 1. HP: 18/18 MP: 1/1
   640 | D:1      | Gained mutation: You are partially covered in iridescent
                  | scales. (AC +2) [demonic ancestry]
   640 | D:1      | Reached XP level 2. HP: 24/24 MP: 2/2
   951 | D:2      | Noticed Sigmund
  1479 | D:2      | Gained mutation: You are mostly covered in iridescent
                  | scales. (AC +4) [demonic ancestry]
  1479 | D:2      | Reached XP level 3. HP: 29/29 MP: 3/3
  1880 | D:2      | Found a stormy altar of Qazlal.
  1922 | D:2      | Noticed Robin
  1951 | D:2      | Killed Robin
  1951 | D:2      | Gained mutation: You are completely covered in iridescent
                  | scales. (AC +6) [demonic ancestry]
  1951 | D:2      | Reached XP level 4. HP: 28/35 MP: 4/4
  2156 | D:2      | Found an ornate altar of the Wu Jian Council.
  2597 | D:2      | Killed Sigmund
  2597 | D:2      | Reached skill level 4 in Fighting
  2597 | D:2      | Reached skill level 1 in Polearms
  2597 | D:2      | Reached XP level 5. HP: 34/42 MP: 1/5
  2828 | D:2      | Found a basalt altar of Yredelemnul.
  2838 | D:2      | Became a worshipper of Yredelemnul the Dark
  3018 | D:3      | Noticed Ijyb
  3064 | D:3      | Killed Ijyb
  3106 | D:3      | Noticed Terence
  3122 | D:3      | Killed Terence
  3122 | D:3      | Reached XP level 6. HP: 35/48 MP: 2/6
  3212 | D:3      | Found a runed translucent door.
  3213 | D:3      | Noticed Crazy Yiuf
  3571 | D:3      | Found a sacrificial altar of Ru.
  3844 | D:3      | Reached * piety under Yredelemnul
  4324 | D:4      | Gained mutation: You are slightly more attuned to the
                  | shadows. [demonic ancestry]
  4324 | D:4      | Reached XP level 7. HP: 16/55 MP: 2/7
  4617 | D:4      | Found an ancient bone altar of Kikubaaqudgha.
  4624 | D:4      | HP: 2/55 [orc priest/divine providence (7)]
  4634 | D:3      | Gained mutation: You are clumsy. (Dex -2) [potion of
                  | mutation]
  4634 | D:3      | Gained mutation: You have supernaturally acute eyesight.
                  | (SInv) [potion of mutation]
  4634 | D:3      | Gained mutation: Your spells are a little harder to cast,
                  | but a little more powerful. [potion of mutation]
  4634 | D:3      | Gained mutation: Your spells are harder to cast, but more
                  | powerful. [potion of mutation]
  5516 | D:4      | Found an iron altar of Okawaru.
  5569 | D:5      | Entered Level 5 of the Dungeon
  5585 | D:5      | Found a staircase to the Ecumenical Temple.
  5814 | D:5      | Reached skill level 5 in Fighting
  5895 | D:5      | HP: 2/56 [worker ant (6)]
  6478 | D:5      | Reached XP level 8. HP: 28/62 MP: 2/8
  6479 | D:5      | Reached skill level 5 in Armour
  6661 | D:5      | Found a blossoming altar of Fedhas.
  6873 | D:5      | Reached ** piety under Yredelemnul
  7548 | Temple   | Entered the Ecumenical Temple
  7655 | D:6      | Reached skill level 5 in Shields
  7825 | D:6      | Reached skill level 1 in Invocations
  7945 | D:6      | Found a white marble altar of Elyvilon.
  8843 | D:7      | Reached *** piety under Yredelemnul
  8860 | D:7      | Reached skill level 6 in Fighting
  9172 | D:7      | Found a shattered altar of Ashenzari.
  9433 | D:7      | Found a burning altar of Makhleb.
  9444 | D:7      | Noticed a hippogriff
  9454 | D:7      | Killed a hippogriff
  9454 | D:7      | Gained mutation: You are significantly more attuned to the
                  | shadows. [demonic ancestry]
  9454 | D:7      | Reached XP level 9. HP: 54/69 MP: 3/11
  9585 | D:7      | Got a faintly glowing short sword
  9924 | D:8      | Found Quiss's Magic Scroll Shoppe.
  9958 | D:8      | Bought a scroll of torment for 75 gold pieces
  9958 | D:8      | Bought a scroll of summoning for 95 gold pieces
  9958 | D:8      | Bought a scroll of enchant armour for 75 gold pieces
  9958 | D:8      | Identified the +7 short sword of Scorn {pierce, rElec rF-
                  | Dex+4 Stlth+} (You found it on level 7 of the Dungeon)
 10212 | D:8      | Found a shadowy altar of Dithmenos.
 10801 | D:8      | Found an ancient bone altar of Kikubaaqudgha.
 11002 | D:9      | Learned a level 1 spell: Apportation
 11606 | D:8      | Reached skill level 1 in Spellcasting
 11606 | D:8      | Reached skill level 1 in Translocations
 12138 | D:9      | Reached skill level 5 in Polearms
 12149 | D:9      | Found a roughly hewn altar of Beogh.
 12179 | D:9      | Found a staircase to the Orcish Mines.
 12188 | D:9      | Reached skill level 5 in Invocations
 12395 | D:9      | Reached **** piety under Yredelemnul
 12457 | Orc:1    | Entered Level 1 of the Orcish Mines
 12457 | Orc:1    | Noticed Josephine
 12640 | D:9      | Noticed a troll
 12665 | D:9      | Reached skill level 7 in Fighting
 13000 | D:9      | Killed a troll
 13122 | D:9      | Reached XP level 10. HP: 38/79 MP: 4/14
 13244 | D:9      | Received a gift from Yredelemnul (a mummy)
 13510 | D:9      | Noticed Joseph
 13519 | D:9      | Killed Joseph
 13733 | D:9      | Found a staircase to the Lair.
 13833 | D:9      | Your ally Joseph died
 14432 | D:10     | Entered Level 10 of the Dungeon
 14655 | D:10     | Noticed an unseen horror
 14703 | D:9      | Killed an unseen horror
 15071 | D:10     | Noticed an unseen horror
 15121 | D:9      | Killed an unseen horror
 15199 | D:10     | Received a gift from Yredelemnul (a wight)
 15229 | D:10     | Noticed a centaur warrior
 15240 | D:10     | Noticed a white ugly thing
 15248 | D:10     | Noticed a death knight
 15256 | D:10     | Killed a centaur warrior
 15256 | D:10     | Gained mutation: You have sharp toenails. [demonic
                  | ancestry]
 15256 | D:10     | Reached XP level 11. HP: 69/86 MP: 5/16
 15416 | D:9      | Killed a white ugly thing
 15994 | D:10     | Reached skill level 8 in Fighting
 16027 | D:9      | Killed a death knight
 16218 | D:10     | Noticed Harold
 16264 | D:10     | Slain by a hornet

Levels and vault maps discovered:
D:1:      wander_arrival_desolate, layout_rooms
D:2:      layout_basic, nicolae_overflow_hidden_temple, old_standard_altar,
          yredelemnul_forgotten_temple_becter, chequers_serial_rivers_small_a,
          uniq_robin, uniq_sigmund
D:3:      layout_loops_cross, nicolae_ru_great_annihilating_truth,
          kennysheep_generic_room_13, uniq_crazy_yiuf_cottage, uniq_terence,
          uniq_ijyb
D:4:      layout_basic, okawaru_altar_gauntlet_db, old_standard_altar,
          first_ration
D:5:      corexii_shantytown, layout_basic, marbit_many_paths,
          minmay_temple_entry_butterflies, st_stairs_11
D:6:      layout_loops_ring, elyvilon_altar_1
D:7:      layout_basic, cheibrodos_ashenzari_chains, kennysheep_mini_moat
D:8:      layout_loops_ring, grunt_dithmenos_smoke_and_mirrors, serial_shops,
          shop_statue, basic_altar, dk_rats_in_the_wall
D:9:      layout_grid_maze, erik_lair_island, david_orc_5, the_bakery,
          nicolae_straight_to_the_point, uniq_joseph
D:10:     minmay_the_grid_triangle_9x9_rhombus_thin_mashed
          [minmay_the_grid_triangle_9x9_from_above,
          minmay_the_grid_triangle_9x9_prize_center,
          minmay_the_grid_triangle_9x9_skeleton,
          minmay_the_grid_triangle_9x9_swiss_cheese], layout_rooms,
          chequers_serial_rivers_large_a, uniq_harold
Temple:   minmay_temple_curvy_loop
Orc:1:    nicolae_orc_accident_1, layout_caves, mines2_david, uniq_josephine

Skill      XL: |  1  2  3  4  5  6  7  8  9 10 11 |
---------------+----------------------------------+-----
Axes           | 2 3 |  3.3
Armour         | 3 4 5 6 7 |  7.5
Shields        | 3 4 5 6 7 |  7.3
Fighting       | 4 5 6 7 8 |  8.0
Polearms       | 1 2 3 4 5 6 |  6.3
Invocations    | 3 5 7 |  7.5
Spellcasting   | 2 3 4 |  4.1
Translocations | 2 3 4 |  4.2

Action                   |  1- 3 |  4- 6 |  7- 9 | 10-12 || total
-------------------------+-------+-------+-------+-------++-------
Melee: War axe           |   120 |    28 |       |       ||   148
       Spear             |       |   239 |   978 |   338 ||  1555
Throw: Throwing net      |       |       |     2 |       ||     2
Invok: Animate Remains   |       |       |    21 |       ||    21
       Animate Dead      |       |       |    22 |    16 ||    38
       Recall Undead Sla |       |       |     2 |     1 ||     3
       Injury Mirror     |       |       |       |     1 ||     1
Evoke: Wand              |       |       |    13 |     3 ||    16
  Use: Scroll            |       |     7 |     8 |       ||    15
       Potion            |       |     3 |     9 |     2 ||    14
 Stab: Paralysed         |       |     3 |       |       ||     3
       Distracted        |       |       |     3 |     1 ||     4
  Eat: Ration            |     1 |     1 |    10 |     3 ||    15
       Chunk             |       |     4 |    11 |     6 ||    21
Armor: Scale mail        |    83 |   112 |   297 |       ||   492
       Plate armour      |       |       |   180 |   227 ||   407
Dodge: Dodged            |    48 |    58 |   260 |    78 ||   444
Block: Shield            |    64 |    95 |   467 |   194 ||   820

Table legend:
 A = Non-vault XP
 B = Vault XP
 C = Vault XP percentage of total XP
 D = Non-vault monster count
 E = Vault monster count
 F = Vault count percentage of total count
                 A         B        C        D         E       F
            +---------+---------+-------+---------+---------+-------
      Total |    7671 |    5176 |  40.3 |     203 |     108 |  34.7
            +---------+---------+-------+---------+---------+-------
        D:1 |      26 |       0 |   0.0 |      14 |       0 |   0.0
        D:2 |      72 |     243 |  77.1 |      25 |      13 |  34.2
        D:3 |     219 |     132 |  37.6 |      31 |       7 |  18.4
        D:4 |     272 |      24 |   8.1 |      10 |       6 |  37.5
        D:5 |     431 |     187 |  30.3 |      16 |      38 |  70.4
        D:6 |     449 |       0 |   0.0 |      14 |       0 |   0.0
        D:7 |     846 |       0 |   0.0 |      15 |       0 |   0.0
        D:8 |     565 |     340 |  37.6 |      16 |       7 |  30.4
        D:9 |    4360 |    2825 |  39.3 |      55 |      30 |  35.3
       D:10 |     431 |    1425 |  76.8 |       7 |       7 |  50.0
            +---------+---------+-------+---------+---------+-------
